 Dungeon Crawl Stone Soup version 0.25-a0-100-g33052ceff8 (console) character file.

Game seed: 1143952691358343065, levelgen mode: deterministic

1260 Kagalorn the Magician (level 8, -1/58 HPs)
             Began as a Gnoll Wizard on Nov 14, 2019.
             Was an Initiate of Gozag.
             Killed from afar by an orc wizard (5 damage)
             ... with a magic dart
             ... on level 5 of the Dungeon.
             The game lasted 00:15:50 (5235 turns).

Kagalorn the Magician (Gnoll Wizard)                Turns: 5235, Time: 00:15:51

Health: -1/58      AC:  3    Str:  9    XL:     8   Next: 52%
Magic:  13/19      EV: 15    Int: 22    God:    Gozag
Gold:   339        SH:  0    Dex: 15    Spells: 13/22 levels left

rFire    . . .     SeeInvis .   y - +1 dagger (speed)
rCold    . . .     Gourm    .   (no shield)
rNeg     . . .     Faith    .   a - +0 robe
rPois    .         Spirit   .   n - +0 helmet
rElec    .         Reflect  .   (no cloak)
rCorr    .         Harm     .   (no gloves)
MR       .....                  (no boots)
Stlth    +++.......             (no amulet)
HPRegen  0.19/turn              (no ring)
MPRegen  0.16/turn              (no ring)

@: gold aura
A: distributed training, fangs 1, strong nose
a: Potion Petition, Call Merchant, Bribe Branch, Renounce Religion


You were on level 5 of the Dungeon.
You worshipped Gozag.
Gozag was aware of your devotion.
You were hungry.

You visited 2 branches of the dungeon, and saw 6 of its levels.

You collected 444 gold pieces.
You paid 105 gold pieces to Gozag.

Inventory:

Hand Weapons
 o - a cursed -1 dagger
 x - a +0 short sword
 y - a +1 dagger of speed (weapon)
Missiles
 e - 190 stones
 f - 14 sling bullets
 p - 68 bolts
 q - 38 arrows
 s - 26 poisoned darts (quivered)
Armour
 a - a +0 robe (worn)
 n - a +0 helmet (worn)
Wands
 B - a wand of digging (4)
Scrolls
 b - a scroll of fear {unknown}
 c - 2 scrolls of magic mapping {unknown}
 i - 4 scrolls of teleportation {unknown}
 j - a scroll of enchant weapon {unknown}
 k - 2 scrolls of enchant armour {unknown}
 r - 3 scrolls of identify {unknown}
 v - 3 scrolls of immolation {unknown}
 w - 2 scrolls of fog {unknown}
 z - a scroll of amnesia {unknown}
 A - a scroll of remove curse {unknown}
Potions
 g - 2 potions of degeneration {unknown}
 h - 9 potions of heal wounds {unknown}
 l - 4 potions of agility {unknown}
 m - a potion of curing {unknown}
 t - 2 potions of flight {unknown}
 u - a potion of haste
 C - 2 potions of mutation {unknown}
Comestibles
 d - 11 rations


   Skills:
 + Level 3.2 Fighting
 + Level 3.2 Short Blades
 + Level 3.2 Long Blades
 + Level 3.2 Axes
 + Level 3.2 Maces & Flails
 + Level 3.2 Polearms
 + Level 3.2 Staves
 + Level 3.2 Slings
 + Level 3.2 Bows
 + Level 3.2 Crossbows
 + Level 3.2 Throwing
 + Level 3.2 Armour
 + Level 5.7 Dodging
 + Level 5.3 Stealth
 + Level 3.2 Shields
 + Level 3.2 Unarmed Combat
 + Level 7.9 Spellcasting
 + Level 3.4 Conjurations
 + Level 2.6 Hexes
 + Level 2.6 Charms
 + Level 3.4 Summonings
 + Level 2.6 Necromancy
 + Level 3.4 Translocations
 + Level 2.6 Transmutations
 + Level 2.6 Fire Magic
 + Level 2.6 Ice Magic
 + Level 2.6 Air Magic
 + Level 2.6 Earth Magic
 + Level 2.6 Poison Magic
 + Level 3.6 Invocations
 + Level 3.2 Evocations


You had 13 spell levels left.
You knew the following spells:

 Your Spells              Type           Power        Failure   Level  Hunger
a - Magic Dart            Conj           ###.         1%          1    None
c - Conjure Flame         Conj/Fire      ###.....     6%          3    None
e - Mephitic Cloud        Conj/Pois/Air  ###.....     7%          3    None
g - Blink                 Tloc           N/A          2%          2    None

Your spell library contained the following spells:

 Spells                   Type           Power        Failure   Level  Hunger
 Call Imp                 Summ           ###.....     2%          2    None
 Slow                     Hex            ###.....     3%          2    None


Dungeon Overview and Level Annotations

Branches:
Dungeon (5/15)             Temple (1/1) D:5

Altars:
Ashenzari
Elyvilon
Gozag
Hepliaklqana
Kikubaaqudgha
Makhleb
Nemelex Xobeh
Okawaru
Ru
Sif Muna
Trog
Vehumet
Xom
Yredelemnul
Zin

Annotations:
D:2 1 runed translucent door, Crazy Yiuf


Innate Abilities, Weirdness & Mutations

Your experience applies equally to all skills.
You have very sharp teeth.
Your uncanny sense of smell can sniff out nearby items.


Message History

* * * LOW HITPOINT WARNING * * *
Casting: Magic Dart (safe; 1% risk of failure)
Confirm with . or Enter, or press ? or * to list all spells.
Aiming: Magic Dart (safe; 1% risk of failure)
Press: ? - help, Shift-Dir - straight line, f/p - orc wizard
Aim: an orc wizard, wielding a +0 dagger and wearing a +0 robe (heavily wounded, fast)
The magic dart hits the orc wizard.
The orc wizard is severely wounded.
The orc wizard barely misses you. The orc wizard misses you.
Casting: Magic Dart (safe; 1% risk of failure)
Confirm with . or Enter, or press ? or * to list all spells.
Aiming: Magic Dart (safe; 1% risk of failure)
Press: ? - help, Shift-Dir - straight line, f/p - orc wizard
Aim: an orc wizard, wielding a +0 dagger and wearing a +0 robe (severely wounded, fast)
The magic dart hits the orc wizard.
The orc wizard is almost dead.
The orc wizard casts a spell at you. The magic dart hits you.
You die...
Your body crumbles into a pile of gold.

#########.#
..........#
.#######..#
.########.# ###
.>........# #..
.#######.## #.#
.# #.# #.# .#
#.# #$# .# #.#
#@# .##### #.#
#o# .#8>8# #.#
#.### ..#..###.#
#...#
.........##
###.#
........#.######
#.#
.......###.....#
#.######
..#.....#.####.#
#.)....#
.........## #)#
######.#


You could see an orc wizard.

Vanquished Creatures
  Menkaure (D:5)
  An ice beast (D:5)
  A sky beast (D:4)
  An ogre (D:4)
  A phantom (D:4)
  A centaur (D:5)
  A scorpion (D:5)
  A centaur zombie (D:4)
  2 jellies (D:5)
  3 orc priests
  7 orc wizards
  3 worker ants
  4 gnolls
  5 adders
  A howler monkey skeleton (D:4)
  A shadow imp (D:5)
  4 worms (D:2)
  2 dart slugs
  2 leopard geckos
  23 orcs
  7 giant cockroaches
  8 goblins
  10 hobgoblins
  5 jackals
  5 quokkas
  A ball python (D:4)
  7 bats
  8 frilled lizards
  7 kobolds
  A leopard gecko skeleton (D:4)
  3 rats
127 creatures vanquished.

Notes
Turn   | Place    | Note
-------+----------+-------------------------------------------
     0 | D:1      | Kagalorn the Gnoll Wizard began the quest for the Orb.
     0 | D:1      | Reached XP level 1. HP: 13/13 MP: 8/8
   207 | D:1      | Reached XP level 2. HP: 19/19 MP: 6/10
   211 | D:1      | Learned a level 2 spell: Blink
   467 | D:1      | Reached XP level 3. HP: 25/25 MP: 7/11
   884 | D:2      | Reached skill level 1 in Invocations
   890 | D:2      | Learned a level 3 spell: Conjure Flame
   894 | D:2      | Learned a level 3 spell: Mephitic Cloud
   914 | D:2      | Found an iron altar of Okawaru.
   954 | D:2      | Reached skill level 1 in Fighting
   954 | D:2      | Reached skill level 1 in Short Blades
   954 | D:2      | Reached skill level 1 in Long Blades
   954 | D:2      | Reached skill level 1 in Axes
   954 | D:2      | Reached skill level 1 in Maces & Flails
   954 | D:2      | Reached skill level 1 in Polearms
   954 | D:2      | Reached skill level 1 in Staves
   954 | D:2      | Reached skill level 1 in Slings
   954 | D:2      | Reached skill level 1 in Bows
   954 | D:2      | Reached skill level 1 in Crossbows
   954 | D:2      | Reached skill level 1 in Throwing
   954 | D:2      | Reached skill level 1 in Armour
   954 | D:2      | Reached skill level 1 in Shields
   954 | D:2      | Reached skill level 1 in Unarmed Combat
   954 | D:2      | Reached skill level 1 in Evocations
   987 | D:2      | Reached XP level 4. HP: 32/32 MP: 3/13
  1327 | D:2      | Found a runed translucent door.
  1328 | D:2      | Noticed Crazy Yiuf
  1642 | D:3      | Reached skill level 1 in Hexes
  1642 | D:3      | Reached skill level 1 in Charms
  1642 | D:3      | Reached skill level 1 in Necromancy
  1642 | D:3      | Reached skill level 1 in Transmutations
  1642 | D:3      | Reached skill level 1 in Fire Magic
  1642 | D:3      | Reached skill level 1 in Ice Magic
  1642 | D:3      | Reached skill level 1 in Air Magic
  1642 | D:3      | Reached skill level 1 in Earth Magic
  1642 | D:3      | Reached skill level 1 in Poison Magic
  1860 | D:3      | Reached XP level 5. HP: 36/37 MP: 4/14
  2409 | D:3      | Reached XP level 6. HP: 28/44 MP: 10/16
  3015 | D:4      | Reached skill level 5 in Dodging
  3285 | D:4      | Noticed a sky beast
  3446 | D:4      | Killed a sky beast
  3446 | D:4      | Reached XP level 7. HP: 47/50 MP: 14/18
  3655 | D:4      | Found a shimmering blue altar of Sif Muna.
  4051 | D:5      | Entered Level 5 of the Dungeon
  4053 | D:5      | Found an ancient bone altar of Kikubaaqudgha.
  4058 | D:5      | Reached skill level 5 in Stealth
  4073 | D:5      | Noticed a two-headed ogre
  4147 | D:5      | Found a staircase to the Ecumenical Temple.
  4158 | Temple   | Entered the Ecumenical Temple
  4524 | Temple   | Became a worshipper of Gozag Ym Sagoz the Greedy
  4716 | D:5      | Reached XP level 8. HP: 38/57 MP: 4/19
  4863 | D:5      | Noticed Menkaure
  4871 | D:5      | Killed Menkaure
  5235 | D:5      | Killed from afar by an orc wizard

Levels and vault maps discovered:
D:1:      lightli_arrival_farm, layout_loops_ring, hex_tiny
D:2:      layout_rooms, okawaru_ov_weapons_minmay, first_ration,
          uniq_crazy_yiuf_cottage
D:3:      layout_basic, minmay_close_crescents
D:4:      minmay_skewed_foursquare, layout_loops_ring, lemuel_crystal_altar
D:5:      layout_loops_ring, kiku_gazebo_garden_becter, temple_statues,
          uniq_menkaure
Temple:   minmay_temple_forest_path

Skill      XL: |  1  2  3  4  5  6  7  8 |
---------------+-------------------------+-----
Conjurations   | 2 3 |  3.4
Summonings     | 2 3 |  3.4
Translocations | 2 3 |  3.4
Invocations    | 1 2 3 |  3.6
Fighting       | 1 2 3 |  3.2
Short Blades   | 1 2 3 |  3.2
Long Blades    | 1 2 3 |  3.2
Axes           | 1 2 3 |  3.2
Maces & Flails | 1 2 3 |  3.2
Polearms       | 1 2 3 |  3.2
Staves         | 1 2 3 |  3.2
Slings         | 1 2 3 |  3.2
Bows           | 1 2 3 |  3.2
Crossbows      | 1 2 3 |  3.2
Throwing       | 1 2 3 |  3.2
Armour         | 1 2 3 |  3.2
Shields        | 1 2 3 |  3.2
Unarmed Combat | 1 2 3 |  3.2
Evocations     | 1 2 3 |  3.2
Hexes          | 1 2 |  2.6
Charms         | 1 2 |  2.6
Necromancy     | 1 2 |  2.6
Transmutations | 1 2 |  2.6
Fire Magic     | 1 2 |  2.6
Ice Magic      | 1 2 |  2.6
Air Magic      | 1 2 |  2.6
Earth Magic    | 1 2 |  2.6
Poison Magic   | 1 2 |  2.6
Dodging        | 5 |  5.7
Stealth        | 5 |  5.3
Spellcasting   | |  7.9

Action                   |  1- 3 |  4- 6 |  7- 9 || total
-------------------------+-------+-------+-------++-------
Melee: Dagger            |     1 |   115 |    92 ||   208
       Bite              |       |    10 |     4 ||    14
       Punch             |       |       |     3 ||     3
Throw: Dart              |       |       |     5 ||     5
 Cast: Magic Dart        |    78 |   177 |    88 ||   343
       Mephitic Cloud    |       |     6 |     5 ||    11
       Conjure Flame     |       |       |     2 ||     2
 Stab: Confused          |       |     8 |     3 ||    11
       Sleeping          |       |     1 |     2 ||     3
       Distracted        |       |       |     1 ||     1
  Eat: Chunk             |       |     7 |     2 ||     9
       Ration            |       |       |     1 ||     1
Armor: Robe              |     2 |    18 |     9 ||    29
Dodge: Dodged            |    14 |    80 |    46 ||   140

Table legend:
 A = Non-vault XP
 B = Vault XP
 C = Vault XP percentage of total XP
 D = Non-vault monster count
 E = Vault monster count
 F = Vault count percentage of total count
                 A         B        C        D         E       F
            +---------+---------+-------+---------+---------+-------
      Total |    1561 |     239 |  13.3 |     114 |      13 |  10.2
            +---------+---------+-------+---------+---------+-------
        D:1 |      38 |       0 |   0.0 |      16 |       0 |   0.0
        D:2 |      84 |       0 |   0.0 |      22 |       0 |   0.0
        D:3 |     264 |       8 |   2.9 |      37 |       5 |  11.9
        D:4 |     539 |      66 |  10.9 |      17 |       7 |  29.2
        D:5 |     636 |     165 |  20.6 |      22 |       1 |   4.3
            +---------+---------+-------+---------+---------+-------
